 Dungeon Crawl Stone Soup version 0.27-a0-1525-g1038ab4fd7 (webtiles) character file.

Game seed: 10604796192620899065

30 blackman the Twirler (level 3, -1/26 HPs)
             Began as a Human Wanderer on July 10, 2021.
             Slain by Robin (4 damage)
             ... on level 1 of the Dungeon.
             The game lasted 00:03:30 (3178 turns).

blackman the Twirler (Human Wanderer)               Turns: 3178, Time: 00:03:31

Health: -1/26      AC:  3    Str: 14    XL:     3   Next: 37%
Magic:  3/3        EV: 10    Int: 12    God:
Gold:   30         SH:  3    Dex: 11    Spells: 2/2 levels left

rFire    . . .     SeeInvis .   a - +0 club
rCold    . . .     Faith    .   l - +0 buckler
rNeg     . . .     Spirit   .   b - +0 robe
rPois    .         Reflect  .   (no helmet)
rElec    .         Harm     .   (no cloak)
rCorr    .         Rampage  .   (no gloves)
Will     .....                  e - +0 pair of boots
Stlth    +.........             (no amulet)
HPRegen  0.08/turn              (no ring)
MPRegen  0.08/turn              (no ring)

@: mighty
A: no striking features
a: no special abilities


You were on level 1 of the Dungeon.
You visited 1 branch of the dungeon, and saw 2 of its levels.

You collected 30 gold pieces.

Inventory:

Hand Weapons
 a - a +0 club (weapon)
 g - a +0 falchion
 h - a +0 club
Armour
 b - a +0 robe (worn)
 e - a +0 pair of boots (worn)
 l - a +0 buckler (worn)
Jewellery
 k - a ring of wizardry
Scrolls
 c - a scroll of fog {unknown}
 d - 2 scrolls of identify {unknown}
 f - a scroll of teleportation {unknown}
 j - a scroll of enchant armour {unknown}


   Skills:
 - Level 1.0 Fighting
 * Level 2.7 Axes
 - Level 4.0 Staves
 - Level 1.0 Throwing
 - Level 1.0 Summonings
 - Level 2.0 Ice Magic
 - Level 1.0 Evocations


You had 2 spell levels left.
You didn't know any spells.
Your spell library contained the following spells:

 Spells                   Type           Power      Damage    Failure   Level
 Summon Small Mammal      Summ           8%         N/A       36%         1
 Sting                    Tmut/Pois      0%         1d3       50%         1
 Call Imp                 Summ           2%         N/A       50%         2
 Corpse Rot               Necr/Air       N/A        N/A       63%         2
 Sublimation of Blood     Necr           0%         N/A       63%         2
 Call Canine Familiar     Summ           2%         N/A       73%         3
 Summon Guardian Golem    Hex/Summ       1%         N/A       80%         3
 Ignite Poison            Fire/Tmut/Pois 0%         N/A       86%         3
 Summon Lightning Spire   Summ/Air       1%         N/A       99%         4


Dungeon Overview and Level Annotations

Branches:
Dungeon (2/15)

Altars:

Annotations:
D:1 Robin


Message History

You can't go down here!
There is a stone staircase leading down, spattered with blood here.
You climb downwards.
Level annotation: Robin A hobgoblin comes into view.
Robin barely misses you.
There is a stone staircase leading up, spattered with blood here.
You barely miss Robin. Robin hits you with a +0 short sword!
The hobgoblin shouts!
You block the hobgoblin's attack. Robin hits you with a +0 short sword.
Robin misses you.
There is a stone staircase leading up, spattered with blood here.
The hobgoblin hits you but does no damage.
Robin roars a battlecry!
The hobgoblins go into a battle-frenzy!
You climb upwards.
There is a stone staircase leading down, spattered with blood here.
You can't go up here!
You closely miss the hobgoblin. The hobgoblin hits you.
Robin says, "A pitiful Human like you will never find the ORB!"
Robin hits you with a +0 short sword. The hobgoblin closely misses you.
You closely miss the hobgoblin. Robin barely misses you.
The hobgoblin closely misses you.
You hit the hobgoblin.
You kill the hobgoblin!
Robin hits you with a +0 short sword.
* * * LOW HITPOINT WARNING * * *
Items here: )) ÷ †.
Robin laughs in a distinctly smug fashion.
It was a potion of might.
You feel very mighty all of a sudden. You block Robin's attack.
You sock Robin!
Robin is heavily wounded.
Robin hits you with a +0 short sword.
* * * LOW HITPOINT WARNING * * *
You sock Robin!
Robin is almost dead.
Robin hits you with a +0 short sword.
You die...

#.#####)##.# #.#
#.##.##### #.#
#.##.....#
#.#####.######.#
#.........# #.#
#######.#.# #.#
#.#.# #.#
#g#.####.###
#####@.........#
#............#.#
#.#####.######.#
#.# #..# #.#
#.####.## #.#
#.##.#.# #.#
#.#....# #.#
#......## #.#
##.......######.#


You could see Robin.

Vanquished Creatures
  A dart slug (D:1)
  A ball python (D:1)
  3 endoplasms (D:1)
  A giant cockroach (D:1)
  7 goblins
  4 hobgoblins
  A jackal (D:1)
  3 kobolds (D:1)
  2 frilled lizards (D:1)
  A rat (D:1)
24 creatures vanquished.

Notes
Turn   | Place    | Note
-------+----------+-------------------------------------------
     0 | D:1      | blackman the Human Wanderer began the quest for the Orb.
     0 | D:1      | blackman set off with the following items: a +0 club, a +0
                  | robe; and the following spells available to memorise:
                  | Summon Small Mammal, Sting, Call Imp, Corpse Rot,
                  | Sublimation of Blood, Call Canine Familiar, Summon Guardian
                  | Golem, Ignite Poison, Summon Lightning Spire
     0 | D:1      | Reached XP level 1. HP: 15/15 MP: 1/1
    86 | D:1      | Reached skill level 1 in Axes
   497 | D:1      | Reached XP level 2. HP: 18/21 MP: 2/2
  1501 | D:1      | Reached XP level 3. HP: 11/26 MP: 3/3
  1890 | D:1      | Found a faded altar of an unknown god.
  1890 | D:1      | Noticed an ice devil
  1955 | D:2      | Noticed Robin
  3178 | D:1      | Slain by Robin

Illustrated notes

Levels and vault maps discovered:
D:1:      dpeg_arrival_renting, layout_loops_ring,
          dreamdust_ecumenical_altar_sealed_demon, minmay_tetromino_i2
D:2:      kennysheep_six_static_rooms, layout_loops_cross, uniq_robin,
          uniq_crazy_yiuf_cottage

Skill      XL: |  1  2 |
---------------+-------+-----
Axes           | 1 2 |  2.7
Fighting       | |  1.0
Staves         | |  4.0
Throwing       | |  1.0
Summonings     | |  1.0
Ice Magic      | |  2.0
Evocations     | |  1.0

Action                   || total
-------------------------++-------
Melee: Club              ||    95
       Falchion          ||     5
  Use: Potion            ||     1
Armor: Robe              ||    27
Dodge: Dodged            ||    53
Block: Buckler           ||     7
       Rpst.: Falchion   ||     1

Table legend: (Time is in decaauts)
 A = Elapsed time spent in this place.
 B = Non-inter-level travel time spent in this place.
 C = Inter-level travel time spent in this place.
 D = Time resting spent in this place.
 E = Time spent auto-exploring this place.
 F = Levels seen in this place.
 G = Mean time per level.
                   A        B        C        D        E       F      G
               +--------+--------+--------+--------+--------+-----+--------+
         Total |   3200 |   3087 |    113 |   2013 |    766 |   2 | 1600.0 |
       Dungeon |   3200 |   3087 |    113 |   2013 |    766 |   2 | 1600.0 |
               +--------+--------+--------+--------+--------+-----+--------+

Top non-repeatable levels by time:
     D:1: 3148 daAuts
     D:2: 52 daAuts
